 Dungeon Crawl Stone Soup version 0.29.1-1-gd02db69 (webtiles) character file.

Game seed: 18190363769878549130

26 Timinator the Insei (level 2, 0/23 HPs)
             Began as a Demigod Transmuter on Jan 20, 2023.
             Slain by an orc wizard
             ... wielding a +0 dagger
              (2 damage)
             ... on level 2 of the Dungeon.
             The game lasted 00:02:14 (1146 turns).

Timinator the Insei (Demigod Transmuter)            Turns: 1146, Time: 00:02:14

Health: 0/23       AC:  2    Str: 11    XL:     2   Next: 69%
Magic:  6/7        EV: 12    Int: 15    God:
Gold:   27         SH:  0    Dex: 14    Spells: 2/5 levels left

rFire   . . .      SeeInvis .     - Unarmed
rCold   . . .      Faith    .   (no shield)
rNeg    . . .      Spirit   .   a - +0 robe
rPois   .          Reflect  .   (no helmet)
rElec   .          Harm     .   (no cloak)
rCorr   .          Rampage  .   (no gloves)
Will    .....                   (no boots)
Stlth   +.........              c - amulet of regeneration
HPRegen 0.87/turn               (no ring)
MPRegen 0.10/turn               (no ring)

@: wereblooded (expiring)
A: high MP 1, forlorn, divine attributes
a: no special abilities


You were on level 2 of the Dungeon.
You visited 1 branch of the dungeon, and saw 2 of its levels.

You collected 27 gold pieces.

Inventory:

Armour
 a - a +0 robe (worn)
 f - a +0 ring mail
Jewellery
 c - an amulet of regeneration (around neck)
Scrolls
 d - a scroll of enchant armour {unknown}
 e - a scroll of fear {unknown}
Potions
 b - a potion of lignification


   Skills:
 + Level 1.1 Fighting
 + Level 0.4 Armour
 + Level 1.9 Dodging
 * Level 3.1 Unarmed Combat
 * Level 2.1 Spellcasting
 + Level 1.9 Transmutations


You had 2 spell levels left.
You knew the following spells:

 Your Spells              Type           Power      Damage    Failure   Level
a - Beastly Appendage     Tmut           14%        N/A       10%         1
b - Wereblood             Tmut           7%         N/A       14%         2

Your spell library contained the following spells:

 Spells                   Type           Power      Damage    Failure   Level
 Spider Form              Tmut/Pois      4%         N/A       41%         3
 Ice Form                 Ice/Tmut       4%         N/A       82%         4


Dungeon Overview and Level Annotations

Branches:
Dungeon (2/15)


Innate Abilities, Weirdness & Mutations

You have an increased reservoir of magic. (+10% MP)
You shall have no god before yourself.
Your divine heritage dramatically boosts your attributes as you level up.


Message History

Found a stone staircase leading up.
The orc barely misses you.
There is a stone staircase leading up, spattered with blood here.
You bump into the rock wall.
Your horns disappear.
Your talons disappear.
The orc closely misses you.
You closely miss the orc. The orc hits you with a +0 club.
You hit the orc.
The orc is lightly wounded.
The orc hits you with a +0 club.
You bump into the rock wall.
The orc barely misses you.
You bump into the rock wall.
You feel less confused. The orc closely misses you.
You hit the orc.
The orc is moderately wounded.
The orc closely misses you.
You hit the orc.
The orc is heavily wounded.
You closely miss the orc.
The orc is heavily wounded.
Your primal bloodlust is almost over.
The orc hits you with a +0 club.
You closely miss the orc.
The orc is heavily wounded.
The orc closely misses you.
You hit the orc.
You kill the orc!
You howl as the wereblood boils in your veins!
A magic dart appears from out of thin air!
The magic dart hits you!
You hear some strange, mumbled words.
A puff of flame appears from out of thin air!
The puff of flame hits you!
* * * LOW HITPOINT WARNING * * *
Items here: )) [ ††.
You closely miss something. Something hits you.
* * * LOW HITPOINT WARNING * * *
You hit something. Something hits you.
You die...

### ...
#.# #
#.###.##
#......#
#..<...#
#.# #<#
#@# #{#
#.# #.#
#.. ###


There were no monsters in sight!

Vanquished Creatures
  2 orcs (D:2)
  3 endoplasms (D:1)
  A giant cockroach (D:1)
  A goblin (D:1)
  3 hobgoblins (D:1)
  2 jackals (D:1)
  A quokka (D:1)
  3 ball pythons (D:1)
  2 bats (D:1)
  A frilled lizard (D:1)
  4 rats (D:1)
23 creatures vanquished.

Vanquished Creatures (others)
  5 plants (D:1)
5 creatures vanquished.

Grand Total: 28 creatures vanquished

Notes
Turn   | Place    | Note
-------+----------+-------------------------------------------
     0 | D:1      | Timinator the Demigod Transmuter began the quest for the
                  | Orb.
     0 | D:1      | Reached XP level 1. HP: 15/15 MP: 5/5
   115 | D:1      | Reached skill level 1 in Fighting
   349 | D:1      | Reached XP level 2. HP: 17/23 MP: 7/7
   669 | D:1      | Reached skill level 3 in Unarmed Combat
   814 | D:1      | Learned a level 2 spell: Wereblood
  1145 | D:2      | HP: 1/23 [something (2)]
  1146 | D:2      | Slain by an orc wizard

Illustrated notes

Levels and vault maps discovered:
D:1:      minmay_arrival_four_houses, layout_loops_ring,
          ebering_ecumenical_altar_rust, serial_bayou_pond_c, dk_noncrumbling_3
D:2:      layout_basic, chequers_serial_rivers_room_a, uniq_robin

Skill      XL: |  1  2 |
---------------+-------+-----
Fighting       | 1 |  1.1
Spellcasting   | 2 |  2.1
Unarmed Combat | 3 |  3.1
Armour         | |  0.4
Dodging        | |  1.9
Transmutations | |  1.9

Action                   || total
-------------------------++-------
Melee: Unarmed           ||    79
       Headbutt          ||    11
       Kick              ||     6
       Punch             ||     1
 Cast: Beastly Appendage ||    11
       Wereblood         ||     1
 Stab: Sleeping          ||     2
Armor: Robe              ||    10
Dodge: Dodged            ||    44
